Map: Arctic Flowers LE

Players

xXxSunxXx

  • Race: Zerg Zerg
  • Spawn Location: 1:00

Filo

  • Race: Protoss Protoss
  • Spawn Location: 1:00

Ekelpack - Winner!

  • Race: Zerg Zerg
  • Spawn Location: 7:00

Nyck - Winner!

  • Race: Terran Terran
  • Spawn Location: 7:00

VOD

Have the link to the VOD?

Description

Time

  • Played on: April 1, 2025, 2:55 p.m.
  • Length: 10:45
Show
View Real Time Build Order
Export as new Build Order

xXxSunxXx Zerg 

Build Orders: Hatch First 

Get SALT Encoding   

  12  0:01  Drone  
  13  0:13  Overlord  
  13  0:17  Drone  
  14  0:32  Drone x2  
  16  0:36  Drone  
  17  0:47  Drone  
  18  1:03  Hatchery  
  17  1:09  Spawning Pool  
  16  1:13  Drone x2  
  18  1:22  Drone  
  19  1:28  Extractor  
  19  1:30  Drone  
  19  1:40  Drone  
  20  1:51  Overlord  
  20  2:00  Extractor  
  19  2:02  Overlord  
  19  2:16  Queen  
  19  2:19  Queen  
  19  2:21  Drone x2  
  25  2:25  Drone  
  25  2:28  Metabolic Boost  
  26  2:32  Zergling x2  
  27  2:41  Spine Crawler  
  26  2:47  Spine Crawler  
  26  2:50  Drone x4  
  29  2:59  Lair  
  29  3:03  Drone  
  30  3:10  Drone  
  30  3:11  Drone  
  30  3:12  Drone  
  32  3:17  Zergling x2  
  32  3:40  Drone x5  
  32  3:41  Drone  
  38  3:44  Baneling Nest  
  37  3:52  Drone x3  
  37  3:53  Drone  
  41  3:56  Drone  
  42  4:05  Drone x2  
  44  4:21  Extractor  
  44  4:24  Extractor  
  42  4:42  Hatchery  
  42  4:43  Drone x3, Infestation Pit  
  42  4:44  Drone  
  44  4:46  Overlord x2  
  44  4:47  Overlord x3  
  44  5:04  Zergling x2  
  44  5:05  Zergling x10  
  47  5:53  Spore Crawler  
  35  6:09  Spore Crawler  
  34  6:12  Spore Crawler  
  34  6:17  Spore Crawler x2  
  31  6:20  Queen  
  31  6:22  Drone x3  
  31  6:23  Drone x5  
  31  6:24  Drone x2  
  43  6:29  Drone x3  
  43  6:30  Drone x4  
  43  6:31  Drone  
  51  7:00  Hive  
  51  7:07  Evolution Chamber  
  50  7:09  Evolution Chamber  
  50  7:12  Hydralisk Den  
  46  7:50  Zerg Melee Weapons Level 1  
  46  7:51  Zerg Ground Armor Level 1  
  46  7:53  Grooved Spines  
  46  8:01  Baneling x3  
  46  8:02  Baneling x2  
  46  8:05  Centrifugal Hooks  
  46  8:12  Evolution Chamber  
  45  8:17  Ultralisk Cavern  
  43  8:32  Spore Crawler  
  42  8:43  Muscular Augments  
  42  8:50  Hatchery  
  42  8:51  Queen  
  40  9:17  Hydralisk x4  
  40  9:18  Hydralisk x3  
  54  9:31  Anabolic Synthesis  
  54  9:37  Ultralisk x4  
  78  9:55  Hatchery  
  77  10:07  Overlord x5  
  77  10:08  Overlord  
Show
View Real Time Build Order
Export as new Build Order

Filo Protoss 

Build Orders:  

Get SALT Encoding   

  12  0:01  Probe  
  13  0:15  Pylon  
  13  0:18  Probe  
  14  0:24  Assimilator  
  14  0:30  Probe  
  15  0:42  Probe  
  16  0:44  Gateway  
  16  0:52  Probe  
  17  1:00  Probe  
  17  1:08  Probe  
  17  1:09  Gateway  
  19  1:21  Probe  
  20  1:33  Cybernetics Core  
  20  1:35  Assimilator  
  20  1:37  Probe  
  21  2:01  Probe  
  21  2:03  Nexus  
  22  2:09  Warp Gate  
  22  2:13  Probe  
  23  2:30  Pylon  
  23  2:45  Stalker  
  23  2:48  Probe  
  26  2:55  Stalker  
  28  3:00  Probe  
  29  3:08  Robotics Facility  
  29  3:09  Gateway  
  29  3:12  Stalker, Probe  
  30  3:15  Probe  
  31  3:24  Probe  
  34  3:27  Probe  
  34  3:32  Stalker  
  35  3:36  Probe  
  35  3:40  Probe  
  39  3:48  Probe  
  39  3:52  Probe  
  39  3:55  Immortal  
  45  4:00  Pylon  
  45  4:01  Probe  
  46  4:11  Pylon  
  46  4:18  Probe  
  47  4:24  Stalker x3  
  53  4:32  Shield Battery  
  53  4:33  Shield Battery  
  53  4:35  Assimilator, Probe  
  53  4:36  Probe  
  55  4:40  Assimilator  
  55  4:46  Gateway  
  55  4:49  Twilight Council  
  55  4:52  Probe x2  
  57  4:56  Adept  
  59  5:00  Adept  
  61  5:30  Charge  
  61  5:39  Probe  
  62  5:54  Pylon  
  62  6:06  Pylon  
  62  6:11  Forge  
  62  6:13  Probe x2  
  62  6:14  Templar Archives  
  62  6:16  Stalker x3  
  70  6:25  Probe x2  
  72  6:35  Nexus  
  72  6:37  Probe x2  
  74  6:47  Photon Cannon x2  
  74  6:49  Probe x2  
  74  6:50  Photon Cannon  
  74  6:53  Photon Cannon  
  76  6:54  Photon Cannon  
  76  6:57  High Templar, Photon Cannon  
  76  7:00  Psionic Storm  
  78  7:05  Pylon  
  78  7:08  Pylon  
  78  7:22  Observer  
  78  7:23  Probe  
  78  7:27  Pylon  
  78  7:28  Probe, Pylon  
  81  7:32  High Templar, Pylon  
  81  7:33  Zealot x2  
  81  7:35  Probe  
  81  7:36  Zealot  
  90  7:40  Probe  
  91  7:47  Probe  
  92  7:52  Probe  
  92  7:55  Probe  
  92  7:56  Shield Battery  
  92  7:57  Shield Battery, Stalker  
  96  7:59  Probe  
  96  8:00  High Templar  
  96  8:01  Photon Cannon  
  96  8:02  Photon Cannon  
  96  8:05  Zealot  
  101  8:08  Probe  
  101  8:09  Probe  
  103  8:17  High Templar  
  105  8:25  Stalker  
  107  8:32  Stalker  
  109  8:35  Assimilator  
  109  8:36  Assimilator  
  109  8:42  Gateway, Protoss Ground Weapons Level 1  
  109  8:45  Gateway  
  109  8:47  Gateway  
  109  8:48  Gateway  
  109  8:49  Immortal  
  109  8:50  Forge  
  109  8:53  Forge  
  113  8:58  High Templar  
  113  8:59  Zealot x3  
  121  9:23  Zealot x2  
  71  10:00  High Templar x2  
  71  10:01  High Templar x2  
  71  10:02  Zealot x4  
  81  10:13  Archon x2  
  67  10:32  Zealot x4  
  67  10:33  Zealot x2  
Show
View Real Time Build Order
Export as new Build Order

Ekelpack Zerg - Winner!

Build Orders: Hatch First 

Get SALT Encoding   

  12  0:01  Drone  
  13  0:12  Overlord  
  13  0:17  Drone  
  14  0:31  Drone x2  
  14  0:35  Drone  
  17  0:52  Hatchery  
  17  0:54  Drone  
  17  0:59  Extractor  
  17  1:00  Drone  
  17  1:13  Spawning Pool  
  17  1:16  Drone  
  17  1:19  Drone  
  18  1:28  Drone  
  19  1:38  Drone  
  20  1:49  Drone  
  21  2:02  Drone  
  21  2:04  Queen x2  
  21  2:08  Metabolic Boost  
  26  2:12  Overlord  
  27  2:15  Drone  
  27  2:18  Drone  
  28  2:24  Drone, Extractor  
  28  2:30  Drone  
  28  2:34  Drone  
  30  2:40  Lair  
  30  2:45  Drone  
  30  2:48  Drone  
  30  2:49  Drone  
  33  2:54  Overlord  
  33  3:02  Drone  
  34  3:06  Drone  
  34  3:08  Extractor  
  34  3:09  Drone  
  35  3:14  Overlord  
  35  3:18  Drone x3  
  38  3:24  Zergling x6  
  38  3:26  Drone  
  42  3:33  Drone  
  43  3:35  Extractor  
  43  3:37  Overlord  
  42  3:41  Spire  
  41  3:49  Drone x3  
  41  3:50  Drone  
  41  3:51  Overlord  
  45  3:59  Drone  
  46  4:07  Overlord  
  46  4:09  Drone  
  47  4:27  Overlord  
  47  4:33  Queen  
  49  4:40  Hatchery  
  49  4:44  Drone x3  
  51  4:52  Mutalisk x2  
  51  4:53  Mutalisk x4  
  51  4:54  Zerg Flyer Weapons Level 1  
  63  5:14  Drone x2  
  65  5:24  Mutalisk x4  
  73  5:35  Overlord  
  73  5:36  Overlord x2, Extractor  
  73  5:40  Extractor  
  73  5:41  Infestation Pit  
  70  6:04  Zergling x2  
  70  6:05  Zergling x14  
  70  6:06  Zergling x2  
  79  6:19  Hive  
  79  6:22  Drone x3  
  79  6:23  Drone  
  83  6:30  Zergling x4  
  83  6:31  Evolution Chamber  
  84  6:33  Evolution Chamber  
  83  6:49  Zerg Flyer Armor Level 1  
  83  6:57  Zerg Melee Weapons Level 1  
  83  6:59  Zerg Ground Armor Level 1  
  83  7:00  Zergling x14  
  83  7:01  Zergling x4  
  92  7:02  Drone x2  
  92  7:03  Drone x2  
  96  7:16  Overlord x3  
  96  7:18  Drone x5  
  96  7:19  Drone  
  102  7:52  Ultralisk Cavern, Overlord x3  
  102  7:55  Drone x4  
  105  8:04  Hatchery  
  104  8:09  Overlord x2  
  104  8:15  Pneumatized Carapace  
  104  8:48  Chitinous Plating  
  104  8:51  Ultralisk x7  
  146  8:58  Overlord  
  146  8:59  Overlord  
  147  9:24  Drone x5  
  147  9:25  Drone x7  
  147  9:26  Drone x6  
  164  9:39  Extractor  
  163  9:46  Extractor  
  142  10:03  Ultralisk x3  
Show
View Real Time Build Order
Export as new Build Order

Nyck Terran - Winner!

Build Orders:  

Get SALT Encoding   

  12  0:00  SCV  
  13  0:12  SCV  
  14  0:17  Supply Depot  
  14  0:25  SCV  
  15  0:39  SCV  
  15  0:41  Barracks  
  16  0:51  SCV  
  17  0:57  Barracks  
  17  1:03  Refinery  
  17  1:06  Refinery  
  17  1:07  SCV  
  18  1:19  SCV  
  19  1:30  Supply Depot  
  19  1:34  Orbital Command  
  19  1:40  Reaper  
  20  1:49  Reaper  
  21  2:00  SCV  
  22  2:12  Reaper  
  23  2:17  SCV  
  23  2:21  Reaper  
  25  2:29  Factory  
  26  2:30  SCV  
  26  2:37  Command Center  
  26  2:42  SCV  
  27  2:51  Barracks Tech Lab  
  27  3:05  SCV  
  28  3:06  Barracks Reactor  
  28  3:18  SCV  
  29  3:30  SCV  
  29  3:37  Concussive Shells  
  29  3:40  Marauder  
  31  3:42  Factory Tech Lab  
  31  3:46  Engineering Bay x2  
  31  3:49  Orbital Command  
  31  3:52  SCV  
  32  4:01  Supply Depot  
  32  4:03  Marauder  
  32  4:04  Marine x2  
  36  4:11  SCV  
  37  4:17  Terran Infantry Weapons Level 1, Terran Infantry Armor Level 1  
  37  4:19  Combat Shield  
  37  4:23  SCV  
  38  4:35  SCV  
  38  4:38  Marine x2  
  41  4:39  Marauder  
  41  4:43  Starport  
  43  4:47  Supply Depot  
  43  4:54  Barracks  
  43  4:59  SCV x2  
  45  5:02  Marine x2  
  45  5:03  Marauder  
  46  5:50  SCV x2  
  46  5:52  Marine x2  
  46  5:53  Marauder  
  46  5:56  Barracks Reactor  
  52  5:58  Barracks  
  52  6:01  Armory  
  52  6:03  Starport Reactor  
  52  6:05  SCV x2  
  54  6:16  Marine x2  
  54  6:17  SCV x2  
  60  6:18  Marauder  
  60  6:25  Supply Depot  
  60  6:26  Siege Tank  
  63  6:35  Refinery  
  63  6:36  SCV x2  
  63  6:37  Refinery  
  65  6:42  Medivac x2  
  69  6:48  SCV x2  
  69  6:51  Barracks Reactor  
  71  6:57  Barracks  
  71  6:58  Barracks  
  71  7:02  Terran Infantry Weapons Level 2  
  71  7:05  Terran Infantry Armor Level 2  
  71  7:13  SCV x2  
  73  7:21  Marine x4  
  77  7:24  Marine  
  78  7:51  SCV, Siege Tank, Medivac x2  
  78  7:52  Supply Depot  
  86  8:03  Barracks Reactor  
  86  8:04  Barracks Reactor  
  86  8:05  Command Center  
  86  8:14  SCV, Marine x7  
  86  8:15  Supply Depot  
  94  8:32  SCV x2, Medivac x2  
  100  8:36  Marine x2  
  100  8:37  Marine x4  
  100  8:38  Marine  
  100  8:41  Supply Depot, Siege Tank  
  110  8:47  Command Center  
  110  8:49  Refinery  
  110  8:52  Refinery x2  
  110  9:03  Marine x4, Medivac x2  
  110  9:05  Supply Depot, Marine  
  110  9:06  Marine x2  
  120  9:27  Supply Depot  
  120  9:28  Planetary Fortress  
  120  9:36  Marine x3  
  120  9:37  Marine x3  
  126  9:42  Marine  
  126  9:43  Siege Tank  
  126  9:44  Medivac x2  
  131  9:56  Supply Depot  
  118  10:02  SCV x2  
  121  10:07  SCV  
  121  10:10  Orbital Command  
  121  10:14  SCV x2  
  121  10:19  Supply Depot, SCV  
  124  10:26  SCV x2  
  126  10:31  SCV  
  127  10:44  Supply Depot  
Tags
 
Add a new tag
Caveats
  • Supply blocks, unpowered buildings, or Contaminate may cause inaccurate times.
  • Supply counts are checked every 10 seconds.